Map: Ever Dream LE

Players

PartinG - Winner!

  • Race: Protoss Protoss
  • League: Grandmaster
  • Spawn Location: 7:00

ReSpOnSe

  • Race: Protoss Protoss
  • League: Grandmaster
  • Spawn Location: 1:00

VOD

Have the link to the VOD?

Description

Time

  • Played on: May 8, 2020, 8:20 p.m.
  • Length: 6:08
Show
View Real Time Build Order
Export as new Build Order

PartinG Protoss - Winner!

Build Orders:  

Get SALT Encoding   

  12  0:00  Probe  
  13  0:12  Probe  
  14  0:18  Pylon  
  14  0:25  Probe (Chrono Boost)  
  15  0:37  Gateway, Probe (Chrono Boost)  
  16  0:45  Probe (Chrono Boost)  
  16  0:46  Assimilator  
  17  0:51  Probe  
  17  0:54  Assimilator  
  18  1:03  Probe (Chrono Boost)  
  19  1:08  Gateway  
  19  1:12  Probe (Chrono Boost)  
  19  1:17  Probe (Chrono Boost)  
  20  1:24  Cybernetics Core  
  21  1:29  Probe  
  22  1:33  Pylon  
  22  1:41  Probe  
  23  1:53  Probe  
  24  2:00  Adept x2  
  18  2:01  Warp Gate  
  28  2:06  Probe  
  28  2:08  Robotics Facility  
  29  2:16  Pylon  
  29  2:18  Probe  
  30  2:34  Probe, Adept x2  
  34  2:46  Probe  
  35  2:52  Warp Prism (Chrono Boost)  
  37  3:18  Nexus  
  37  3:22  Observer  
  37  3:23  Probe  
  39  3:28  Pylon  
  39  3:44  Immortal (Chrono Boost)  
  39  3:46  Probe  
  44  3:50  Sentry  
  46  4:00  Pylon  
  46  4:13  Probe  
  46  4:15  Immortal (Chrono Boost)  
  47  4:19  Sentry x2  
  55  4:30  Probe  
  56  4:32  Probe  
  57  4:44  Probe x2  
  55  4:51  Immortal (Chrono Boost)  
  53  4:56  Adept x2  
  61  5:01  Probe x2  
  63  5:11  Gateway x2  
  63  5:14  Robotics Bay  
  63  5:18  Probe x2  
  65  5:26  Assimilator  
  65  5:27  Pylon  
  65  5:34  Adept x2  
  67  6:00  Stalker x2  
Show
View Real Time Build Order
Export as new Build Order

ReSpOnSe Protoss 

Build Orders: Phoenix Opening 

Get SALT Encoding   

  12  0:01  Probe  
  13  0:13  Probe  
  14  0:17  Pylon  
  14  0:25  Probe (Chrono Boost)  
  15  0:37  Probe (Chrono Boost)  
  15  0:39  Gateway  
  16  0:44  Probe (Chrono Boost)  
  16  0:46  Assimilator  
  17  0:51  Probe  
  18  1:00  Assimilator  
  18  1:03  Probe (Chrono Boost)  
  19  1:13  Probe (Chrono Boost)  
  19  1:15  Gateway  
  19  1:18  Probe (Chrono Boost)  
  21  1:26  Cybernetics Core  
  21  1:30  Probe  
  22  1:35  Pylon  
  22  1:42  Probe  
  23  1:54  Probe  
  24  2:02  Sentry, Stalker  
  24  2:05  Pylon  
  24  2:06  Probe  
  24  2:07  Warp Gate  
  29  2:27  Pylon  
  29  2:38  Stalker x2  
  33  2:49  Nexus  
  33  2:56  Phoenix  
  33  3:02  Robotics Facility  
  33  3:03  Pylon  
  32  3:23  Pylon, Stalker x2  
  36  3:27  Probe  
  37  3:39  Probe  
  38  3:48  Warp Prism (Chrono Boost)  
  38  3:51  Probe  
  41  4:01  Stalker  
  42  4:03  Probe, Stalker  
  43  4:15  Probe  
  44  4:23  Immortal (Chrono Boost)  
  44  4:24  Probe  
  49  4:32  Probe  
  45  4:53  Adept x2  
  49  5:00  Probe  
  50  5:07  Probe  
  51  5:14  Immortal (Chrono Boost)  
  56  5:24  Probe x2 (Chrono Boost)  
  57  5:32  Probe (Chrono Boost)  
  57  5:33  Probe (Chrono Boost)  
  57  5:35  Twilight Council  
  59  5:39  Probe (Chrono Boost)  
  59  5:41  Probe (Chrono Boost)  
  61  5:46  Adept  
  61  5:47  Observer  
  50  6:04  Adept  
Tags
 
Add a new tag
Caveats
  • Supply blocks, unpowered buildings, or Contaminate may cause inaccurate times.
  • Supply counts are checked every 10 seconds.